 Dungeon Crawl Stone Soup version 0.21-a0-210-gbfa5647 (webtiles) character file.

24481 Gorglomux the Severer (level 13, -1/166 HPs)
             Began as a Hill Orc Conjurer on Aug 21, 2017.
             Was a High Priest of Okawaru.
             Succumbed to a spiny frog's poison
             ... on level 2 of the Lair of Beasts.
             The game lasted 00:30:20 (14054 turns).

Gorglomux the Severer (Hill Orc Conjurer)          Turns: 14054, Time: 00:30:20

Health: -1/166     AC: 31    Str: 19    XL:     13   Next: 13%
Magic:  19/19      EV:  6    Int: 15    God:    Okawaru [*****.]
Gold:   869        SH:  0    Dex: 11    Spells: 13/15 levels left

rFire    . . .     SeeInvis .   H - +3 hand axe
rCold    . . .     Gourm    .   (no shield)
rNeg     . . .     Faith    .   A - +0 crystal plate armour
rPois    .         Spirit   .   (helmet restricted)
rElec    .         Reflect  .   X - +1 cloak
rCorr    .         Harm     .   e - +0 pair of gloves
MR       .....                  K - +0 pair of boots
Stlth    ..........             t - amulet of rage
HPRegen  0.37/turn              g - +3 ring of protection
MPRegen  0.16/turn              V - ring of wizardry

@: berserking, lethally poisoned (-1 -> -41), heroism, very quick
A: antennae 1, blurry vision 1, weak 1
a: Heroism, Finesse, Renounce Religion, Evoke Berserk Rage


You were on level 2 of the Lair of Beasts.
You worshipped Okawaru.
Okawaru was extremely pleased with you.
You were not hungry.

You visited 3 branches of the dungeon, and saw 15 of its levels.

You collected 869 gold pieces.

Inventory:

Hand Weapons
 H - a +3 hand axe (weapon)
Missiles
 Q - 25 javelins (quivered)
 Z - a throwing net
Armour
 e - a +0 pair of gloves (worn)
 A - a +0 crystal plate armour (worn)
 K - a +0 pair of boots (worn)
 X - a +1 cloak (worn)
 Y - a +0 shield
Jewellery
 g - a +3 ring of protection (left hand)
 t - an amulet of rage (around neck)
 I - a +3 ring of protection
 V - a ring of wizardry (right hand)
Wands
 E - a wand of enslavement (16/24)
 L - a wand of lightning (4/15)
 O - a wand of clouds (9/9)
 P - a wand of paralysis (3/24)
Scrolls
 w - a scroll of fog {unknown}
 x - a scroll of recharging
 y - a scroll of enchant armour {unknown}
 C - 6 scrolls of remove curse
 D - a scroll of fear {unknown}
 F - a scroll of random uselessness {unknown}
 M - a scroll of magic mapping
 R - 8 scrolls of identify
 S - a scroll of immolation {unknown}
 T - 4 scrolls of teleportation
Potions
 i - 3 potions of magic
 B - 4 potions of brilliance
 G - a potion of resistance
 N - 4 potions of haste
 U - 4 potions of flight
 W - 3 potions of heal wounds
Books
 b - a book of Conjurations

   Spells                             Type                      Level
   a - Magic Dart                     Conjuration                  1
   b - Searing Ray                    Conjuration                  2
   c - Dazzling Spray                 Conjuration/Hexes            3
   d - Fulminant Prism                Conjuration/Hexes            4
   e - Force Lance                    Conjuration/Translocation    4
   f - Iskenderun's Mystic Blast      Conjuration                  4
 v - a book of Party Tricks

   Spells                             Type                      Level
   a - Summon Butterflies             Summoning                    1
   b - Apportation                    Translocation                1
   c - Lesser Beckoning               Translocation                3
   d - Tukima's Dance                 Hexes                        3
   e - Alistair's Intoxication        Transmutation/Poison         5
   f - Invisibility                   Hexes                        6
Comestibles
 c - 7 bread rations
 s - 2 chunks of flesh
 u - 4 royal jellies
 z - 8 meat rations
 J - 3 fruits


   Skills:
 - Level 9.5(14.5) Fighting
 - Level 18.0(23.0) Axes
 + Level 8.5(13.5) Armour
 - Level 1.5(6.5) Dodging
 - Level 1.5(6.5) Stealth
 + Level 5.3(10.3) Shields
 - Level 1.5 Spellcasting
 - Level 4.0 Conjurations
 - Level 9.0 Invocations
 + Level 3.8 Evocations


You had 13 spell levels left.
You knew the following spells:

 Your Spells              Type           Power        Failure   Level  Hunger
b - Searing Ray           Conj           ##....       88%         2    ###....


Dungeon Overview and Level Annotations

Branches:
Dungeon (12/15)            Temple (1/1) D:6            Lair (2/6) D:10
    Orc (0/2) D:9
  Swamp: Lair:2-4    Shoals: Lair:2-4     Snake: Lair:2-4    Spider: Lair:2-4

Altars:
Ashenzari
Cheibriados
Dithmenos
Elyvilon
Fedhas
Gozag
Hepliaklqana
Kikubaaqudgha
Okawaru
Qazlal
Ru
Sif Muna
Trog
Uskayaw
Vehumet
Wu Jian
Xom
Yredelemnul
Zin
The Shining One

Portals:
Trove: D:10 (give +3 gold dragon scales)

Annotations:
D:8 2 transporters


Innate Abilities, Weirdness & Mutations

You have a pair of small antennae on your head.
Scrolls take you a little longer to read.
You are weak. (Str -2)


Message History

You annihilate the spiny frog!!!
Okawaru roars: ANNIHILATED!
You slice the water moccasin like a ripe choko! * * * don't die
* * * You feel sick! * * * don't die
* * * You feel very sick!
The water moccasin barely misses you!
Unknown command!
You open the water moccasin like a pillowcase!
Butt annihilate the water moccasin!!!
Okawaru roars: ANNIHILATED!
You slice the plant like a ripe choko!!! * * * don't die
* * * You feel sick! * * * don't die
* * * You feel sick!
Unknown command!
You feel a strong urge to attack something! rip

..............# ....
#...........#.## ....
#...........#..## ... #
#...........#...##.P .#
#...........≈#.##.##.#
##.........≈≈..≈.PP..#
##.......≈≈≈≈≈≈≈≈..##..
##(.....≈≈≈≈.†≈P≈......
##....≈≈≈≈@..P≈≈≈.#...
##...≈≈≈≈..≈≈≈≈≈#....
##....≈≈≈≈.≈≈≈≈≈≈..... .
###.....≈≈≈≈≈≈≈≈≈≈......
PP#.#..##..≈≈≈≈≈≈≈≈≈≈≈...<..
.PP.......##.≈≈..≈≈≈≈.......
PP..............).≈≈.P......
.P..............#.≈...##P#
.P...........###.....####


There were no monsters in sight!

Vanquished Creatures
  The ghost of anything the Unseen, a journeyman OpAs of Hepliaklqana (D:11)
  The ghost of Celandrion the Grappler, a novice BaTm of Sif Muna (D:9)
  The ghost of Qrupt the Nimble, a novice HuGl of Makhleb (D:8)
  An unseen horror (D:10)
  Pikel (D:7)
  An ugly thing (D:8)
  A centaur skeleton (D:11)
  4 spiny frogs
  3 trolls
  4 blink frogs (Lair:1)
  2 hippogriffs
  A vampire (D:9)
  A yak (D:10)
  A wraith (D:12)
  2 wyverns
  A steam dragon (D:9)
  A hungry ghost (D:11)
  7 water moccasins
  Duvessa (D:7)
  2 porcupines (D:10)
  2 orc warriors
  A hornet zombie (D:7)
  2 ice beasts
  2 sky beasts
  2 black bears
  6 ogres
  6 phantoms
  3 centaurs
  2 crocodiles (Lair:1)
  2 big kobolds
  A gnoll sergeant (D:9)
  10 bullfrogs
  Dowan (D:7)
  3 scorpions
  A troll zombie (D:9)
  15 killer bees
  3 wights (D:9)
  A howler monkey (D:11)
  4 crimson imps
  A centaur zombie (D:5)
  2 bullfrog zombies
  2 quasits
  2 jellies
  4 hounds
  2 bullfrog skeletons
  8 orc priests
  9 orc wizards
  5 iguanas
  6 worker ants
  7 ogre zombies (D:9)
  A hound zombie (D:9)
  13 adders
  7 gnolls
  2 river rats (Lair:2)
  An ooze (D:4)
  An adder skeleton (D:6)
  3 worms
  4 dart slugs
  6 leopard geckos
  35 orcs
  A ball python (D:1)
  6 bats
  3 giant cockroaches
  4 goblins
  7 hobgoblins
  9 jackals
  16 kobolds
  7 quokkas
  5 frilled lizards
  A goblin skeleton (D:9)
  3 goblin zombies (D:9)
  2 hobgoblin zombies (D:9)
  A leopard gecko skeleton (D:6)
  5 orc skeletons (D:9)
  14 orc zombies (D:9)
  A quokka skeleton (D:6)
  A quokka zombie (D:6)
  7 rats
  2 fungi (D:10)
320 creatures vanquished.

Vanquished Creatures (others)
  2 slaves (D:7)
  2 worker ants
  2 orcs (D:7)
  2 fungi
8 creatures vanquished.

Grand Total: 328 creatures vanquished

Notes
Turn   | Place    | Note
-------+----------+-------------------------------------------
     0 | D:1      | Gorglomux the Hill Orc Conjurer began the quest for the Orb.
     0 | D:1      | Reached XP level 1. HP: 14/14 MP: 3/3
   155 | D:1      | Reached skill level 1 in Fighting
   377 | D:1      | Reached XP level 2. HP: 18/24 MP: 1/4
  1439 | D:2      | Reached skill level 3 in Fighting
  1439 | D:2      | Reached XP level 3. HP: 31/31 MP: 5/5
  1443 | D:2      | Found a faded altar of an unknown god.
  1784 | D:2      | Found an ornate altar of the Wu Jian Council.
  1784 | D:2      | Found a bloodstained altar of Trog.
  2423 | D:3      | Reached XP level 4. HP: 38/40 MP: 0/6
  2456 | D:3      | Found a shimmering altar of Xom.
  2459 | D:3      | Found an opulent altar of Gozag.
  2459 | D:3      | Found a hazy altar of Hepliaklqana.
  2476 | D:3      | Found a white marble altar of Elyvilon.
  2476 | D:3      | Found a shattered altar of Ashenzari.
  2476 | D:3      | Found a basalt altar of Yredelemnul.
  2939 | D:3      | Found a blossoming altar of Fedhas.
  2999 | D:3      | Found a shattered altar of Ashenzari.
  3368 | D:4      | Noticed an ogre
  3373 | D:4      | Killed an ogre
  3373 | D:4      | Reached skill level 6 in Fighting
  3373 | D:4      | Reached XP level 5. HP: 22/50 MP: 7/7
  3535 | D:4      | Noticed a phantom
  3551 | D:4      | Learned a level 2 spell: Searing Ray
  3605 | D:4      | Killed a phantom
  3605 | D:4      | Reached XP level 6. HP: 20/60 MP: 1/8
  4115 | D:4      | Found a stormy altar of Qazlal.
  4403 | D:5      | Entered Level 5 of the Dungeon
  4447 | D:5      | Reached XP level 7. HP: 60/69 MP: 4/9
  4453 | D:5      | Reached skill level 9 in Fighting
  4894 | D:5      | Found a shadowy altar of Dithmenos.
  4964 | D:5      | Reached skill level 1 in Axes
  5006 | D:5      | Reached skill level 2 in Axes
  5014 | D:5      | Reached skill level 3 in Axes
  5183 | D:6      | Reached XP level 8. HP: 78/78 MP: 10/10
  5267 | D:6      | Reached skill level 4 in Axes
  5273 | D:6      | Reached skill level 5 in Axes
  5514 | D:6      | Reached skill level 6 in Axes
  5688 | D:6      | Reached skill level 7 in Axes
  5890 | D:6      | Found a sacrificial altar of Ru.
  5949 | D:6      | Found a staircase to the Ecumenical Temple.
  5966 | Temple   | Entered the Ecumenical Temple
  6110 | Temple   | Became a worshipper of Warmaster Okawaru
  6345 | D:7      | Reached skill level 8 in Axes
  6643 | D:7      | Reached skill level 9 in Axes
  6812 | D:7      | Noticed Duvessa
  6836 | D:7      | Killed Duvessa
  6836 | D:7      | Reached skill level 10 in Axes
  6836 | D:7      | Reached XP level 9. HP: 84/84 MP: 11/11
  6837 | D:7      | Noticed Dowan
  6881 | D:7      | Killed Dowan
  6976 | D:7      | Reached * piety under Okawaru
  6989 | D:7      | Reached skill level 11 in Axes
  7334 | D:7      | Noticed Pikel
  7355 | D:7      | Killed Pikel
  7355 | D:7      | Reached skill level 12 in Axes
  7480 | D:7      | Reached ** piety under Okawaru
  7480 | D:7      | Reached skill level 13 in Axes
  7942 | D:8      | Found a glowing silver altar of Zin.
  7984 | D:8      | Reached XP level 10. HP: 60/91 MP: 12/12
  8032 | D:8      | Noticed Qrupt's ghost (novice HuGl)
  8139 | D:8      | Killed Qrupt's ghost
  8139 | D:8      | Reached skill level 14 in Axes
  8374 | D:8      | Found a transporter.
  8374 | D:8      | Found an ancient bone altar of Kikubaaqudgha.
  8377 | D:8      | Found a transporter.
  8413 | D:8      | Reached skill level 3 in Invocations
  8627 | D:8      | Noticed a brown ugly thing
  8649 | D:8      | Killed a brown ugly thing
  8649 | D:8      | Reached *** piety under Okawaru
  8649 | D:8      | Reached skill level 3 in Armour
  8679 | D:8      | Found a basalt altar of Yredelemnul.
  8682 | D:8      | Noticed a death knight
  8682 | D:8      | Noticed a two-headed ogre
  8718 | D:9      | Noticed Celandrion's ghost (novice BaTm)
  8760 | D:9      | Killed Celandrion's ghost
  8930 | D:9      | Reached **** piety under Okawaru
  8968 | D:9      | Found a staircase to the Orcish Mines.
  9106 | D:9      | Reached skill level 6 in Invocations
  9152 | D:9      | Reached skill level 15 in Axes
  9317 | D:9      | Reached XP level 11. HP: 97/97 MP: 15/15
 10427 | D:10     | Entered Level 10 of the Dungeon
 10640 | D:10     | Killed an unseen horror
 10640 | D:10     | Reached skill level 6 in Armour
 10648 | D:10     | Found a portal to a secret trove of treasure.
 11073 | D:10     | Found a staircase to the Lair.
 11575 | D:11     | Noticed anything's ghost (journeyman OpAs)
 11613 | D:11     | Killed anything's ghost
 11730 | D:11     | Reached skill level 9 in Invocations
 11738 | D:11     | Paralysed by fainting for 9 turns
 11998 | D:11     | Reached skill level 1 in Evocations
 12124 | D:11     | Reached skill level 16 in Axes
 12459 | Lair:1   | Entered Level 1 of the Lair of Beasts
 12482 | Lair:1   | Reached ***** piety under Okawaru
 12682 | Lair:1   | Gained mutation: You are weak. (Str -2) [potion of mutation]
 12682 | Lair:1   | Gained mutation: Scrolls take you a little longer to read. [potion of mutation]
 12682 | Lair:1   | Gained mutation: You have a pair of small antennae on your head. [potion of mutation]
 12704 | Lair:1   | HP: 7/145 [poisoned by a spiny frog]
 12709 | Lair:1   | HP: 3/145 [poisoned by a spiny frog]
 12715 | Lair:1   | HP: 1/97 [poisoned by a spiny frog]
 12720 | Lair:1   | HP: 1/97 [poisoned by a spiny frog]
 12725 | Lair:1   | HP: 1/97 [poisoned by a spiny frog]
 13067 | Lair:1   | Reached skill level 3 in Evocations
 13121 | Lair:1   | Reached XP level 12. HP: 100/105 MP: 18/18
 13171 | Lair:1   | Found a hazy altar of Hepliaklqana.
 13883 | Lair:1   | Reached skill level 18 in Axes
 13883 | Lair:1   | Reached XP level 13. HP: 111/111 MP: 19/19
 14050 | Lair:2   | HP: 8/166 [poisoned by a spiny frog]
 14052 | Lair:2   | HP: 3/166 [poisoned by a spiny frog]
 14054 | Lair:2   | Succumbed to a spiny frog's poison

Vault maps used:
D:1:      nicolae_arrival_memento_mori, nrook_loot_triangle
D:2:      amethyst_overflow_temple_binary, chequers_ecumenical_altar_island,
          dk_noncrumbling_3
D:3:      fedhas_altar_1, ashenzari_altar_1, doesnt_xom_only_xom
D:4:      nicolae_qazlal_eye_of_the_storm, kennysheep_generic_room_9
D:5:      first_bread, grunt_dithmenos_smoke
D:6:      cheibrodos_thug_alley, nicolae_ru_the_path_less_chosen,
          minmay_temple_entry_glassed_door
D:7:      uniq_pikel, uniq_duvessa
D:8:      gammafunk_temple_of_torment, lemuel_crystal_altar
D:9:      zombieorc2_lemuel
D:10:     grunt_lair_entry_orc_guard_hut, enter_trove_3
D:12:     uniq_josephine
Temple:   hc_temple_tempest_star
Lair:1:   basic_altar
Lair:2:   lab_entry_generic, special_room, minmay_hedge_maze, pond

Skill      XL: |  1  2  3  4  5  6  7  8  9 10 11 12 |
---------------+-------------------------------------+-----
Fighting       | 2 3 4 6 7 8 9 |  9.5
Axes           | 3 10 13 15 16 18 | 18.0
Armour         | 5 8 |  8.5
Invocations    | 6 9 |  9.0
Evocations     | 3 |  3.8
Shields        | 5 |  5.3
Dodging        | |  1.5
Stealth        | |  1.5
Spellcasting   | |  1.5
Conjurations   | |  4.0

Action                   |  1- 3 |  4- 6 |  7- 9 | 10-12 | 13-15 || total
-------------------------+-------+-------+-------+-------+-------++-------
Melee: Short sword       |   102 |   142 |    45 |       |       ||   289
       Unarmed           |     6 |       |       |       |       ||     6
       Hand axe          |       |       |   374 |   841 |    58 ||  1273
       Punch             |       |       |       |     2 |     1 ||     3
Throw: Javelin           |       |       |     2 |     3 |       ||     5
 Cast: Magic Dart        |    37 |    53 |    18 |       |       ||   108
       Searing Ray       |       |     2 |     3 |       |       ||     5
Invok: Heroism           |       |       |     2 |    16 |     2 ||    20
 Abil: Evoke Berserk Rag |       |     4 |     7 |     9 |       ||    20
  Use: Scroll            |       |     7 |     2 |    12 |       ||    21
       Potion            |       |     1 |     1 |     5 |     1 ||     8
 Stab: Distracted        |       |       |     1 |       |       ||     1
  Eat: Chunk             |     6 |    12 |    14 |    27 |     2 ||    61
       Meat ration       |       |       |     1 |       |       ||     1
       Fruit             |       |       |       |     2 |       ||     2
Armor: Robe              |     4 |       |       |       |       ||     4
       Scale mail        |    67 |   119 |   295 |       |       ||   481
       Crystal plate arm |       |       |       |   709 |    67 ||   776
Dodge: Dodged            |    73 |    75 |   242 |    70 |     8 ||   468

Table legend:
 A = Spawn XP
 B = Non-spawn XP
 C = Spawn XP percentage of total XP
 D = Spawn monster count
 E = Non-spawn monster count
 F = Spawn count percentage of total count
 G = Total turns spent on level
                    A         B        C        D         E        F      G
               +---------+---------+-------+---------+---------+-------+---------
         Total |    2174 |   18556 |  10.5 |      41 |     276 |  12.9 | 14054
               +---------+---------+-------+---------+---------+-------+---------
           D:1 |      11 |      13 |  45.8 |       5 |       8 |  38.5 |  1101
           D:2 |       2 |      14 |  12.5 |       1 |      10 |   9.1 |   878
           D:3 |      32 |      71 |  31.1 |       5 |      22 |  18.5 |  1359
           D:4 |      62 |     320 |  16.2 |       5 |      11 |  31.2 |  1302
           D:5 |     170 |     501 |  25.3 |       6 |      15 |  28.6 |   517
           D:6 |      43 |     618 |   6.5 |       3 |      23 |  11.5 |  1000
           D:7 |     413 |    2166 |  16.0 |       5 |      29 |  14.7 |  1613
           D:8 |     167 |    1986 |   7.8 |       2 |      10 |  16.7 |   879
           D:9 |     739 |    3578 |  17.1 |       6 |      70 |   7.9 |  1606
          D:10 |      67 |    2032 |   3.2 |       1 |      20 |   4.8 |  1338
          D:11 |      50 |    3125 |   1.6 |       1 |      34 |   2.9 |   667
          D:12 |       0 |     243 |   0.0 |       0 |       2 |   0.0 |    27
        Lair:1 |     418 |    2531 |  14.2 |       1 |      12 |   7.7 |  1432
        Lair:2 |       0 |    1358 |   0.0 |       0 |      10 |   0.0 |   163
               +---------+---------+-------+---------+---------+-------+---------
